 Seeded DCSS version 0.30.1-4-g462c640d31 (webtiles) character file.

Game seed: 920673320228942481 (custom seed)

4 CarvArkoylaein the Magician (level 1, 14/14 HPs)
             Began as a Draconian Wanderer on Sept 8, 2023.
             Quit the game on level 1 of the Dungeon.
             The game lasted 00:02:33 (246 turns).

CarvArkoylaein the Magician (Draconian Wanderer)     Turns: 246, Time: 00:02:33

Health: 14/14      AC:  4    Str: 13    XL:     1   Next: 50%
Magic:  5/5        EV: 10    Int: 14    God:
Gold:   23         SH:  3    Dex:  9    Spells: 8/8 levels left

rFire   . . .        a - +0 club
rCold   . . .        c - +0 buckler
rNeg    . . .        (body armour unavailable)
rPois   .            (helmet restricted)
rElec   .            (no cloak)
rCorr   .            (no gloves)
SInv    .            (no boots)
Will    .....        (no amulet)
Stlth   +            (no ring)
HPRegen 0.22/turn    (no ring)
MPRegen 0.09/turn

%: no passive effects
@: no status effects
A: AC +4, unfitting armour, cold-blooded
a: no special abilities


You were on level 1 of the Dungeon.
You visited 1 branch of the dungeon, and saw 1 of its levels.

You collected 23 gold pieces.

Inventory:

Hand Weapons
 a - a +0 club (weapon)
Armour
 c - a +0 buckler (worn)
Potions
 b - a potion of brilliance
 d - a potion of mutation {unknown}


   Skills:
 + Level 1.4 Stealth
 + Level 1.0 Shields
 + Level 4.0 Spellcasting
 + Level 2.0 Fire Magic
 + Level 2.0 Earth Magic


You had 8 spell levels left.
You didn't know any spells.
Your spell library contained the following spells:

 Spells                   Type           Power      Damage    Failure   Level
 Sandblast                Erth           16%        2d6       12%         1
 Foxfire                  Conj/Fire      20%        2x1d5     19%         1
 Scorch                   Fire           16%        2d5       19%         2
 Stone Arrow              Conj/Erth      10%        3d7       47%         3
 Flame Wave               Conj/Fire      5%         2d5       87%         4


Dungeon Overview and Level Annotations

Branches:
Dungeon (1/15)

Altars:


Innate Abilities, Weirdness & Mutations

Your plain brown scales are hard. (AC +4)
You cannot fit into any form of body armour.
You are cold-blooded and may be slowed by cold attacks.


Message History

You open the door.
Found a spear.
Found 9 stones.
There is an open door here.
Found a fizzy ruby potion.
d - a fizzy ruby potion You open the door.
Found 8 gold pieces.
There is an open door here.
You now have 8 gold pieces.
There is an open door here.
There is an open door here.
A rat comes into view.
Found 11 gold pieces.
The rat bites you but does no damage.
You hit the rat.
You kill the rat!
You now have 19 gold pieces (gained 11).
Found 4 gold pieces.
You now have 23 gold pieces (gained 4).
You open the door.
There is an open door here.
A ball python comes into view.
Found a stone staircase leading down.
The ball python hisses angrily.
The ball python bites you. The ball python barely misses you.
You hit the ball python.
You kill the ball python!
HP restored.
Found 3 scrolls labelled NOEDYA EDEF.
Found a hand axe.
e - 3 scrolls labelled NOEDYA EDEF This is a scroll of acquirement!
Something appears at your feet! Something appears at your feet!
Something appears at your feet!
Okay, then.
Welcome back, CarvArkoylaein the Draconian Wanderer.
Game seed: 920673320228942481 (custom seed) Press ? for a list of commands and other information.
Are you sure you want to abandon this character and quit the game? (Confirm with "yes".)

##### .. #... ..#. #...
.... #.. #... ...
...###.# ...#.# ##+#
#.#@#####. #######
#....#.........) ......#
#.....#.######.#
...##.#.#...#....##
....#.#.##+#####..##
......#. #.######..#
....###.##........>#
###.###......†...........
#.#.....###############


There were no monsters in sight!

Vanquished Creatures
  A dart slug (D:1)
  A ball python (D:1)
  A rat (D:1)
3 creatures vanquished.

Notes
Turn   | Place    | Note
-------+----------+-------------------------------------------
     0 | D:1      | CarvArkoylaein the Draconian Wanderer began the quest for
                  | the Orb.
     0 | D:1      | CarvArkoylaein set off with the following items: a +0 club,
                  | a potion of brilliance, a +0 buckler; and the following
                  | spells available to memorise: Sandblast, Foxfire, Scorch,
                  | Stone Arrow, Flame Wave.
     0 | D:1      | Reached XP level 1. HP: 14/14 MP: 5/5
   243 | D:1      | Identified 3 scrolls of acquirement
   243 | D:1      | Acquired a +5 halberd of protection
   244 | D:1      | Acquired a ring of protection from cold
   245 | D:1      | Acquired 847 gold pieces
   246 | D:1      | Quit the game

Illustrated notes

Levels and vault maps discovered:
D:1:      dpeg_arrival_orchard, layout_basic

Action                     || total
---------------------------++-------
  Melee: Club              ||     4
         Tailslap          ||     2
    Use: Scroll            ||     3
 Armour: Skin              ||     1
  Dodge: Dodged            ||     3
